| TOP OF THE 1ST |
|
Amarillo Gold Sox batting - Pitching for Shreveport Braves : RHP Gary Hilton
|
|
Pitching: RHP Gary Hilton
|
|
|
Batting: SHB Mike Felder
|
0-0: Ball 1-0: Called Strike 1-1: Ball 2-1: Ball 3-1: Base on Balls
|
|
Batting: LHB Hector Arroyo
|
0-0: Ball 1-0: SINGLE (Groundball, 34D, EV 95.6 MPH) Mike Felder to second Runner from 2nd tries for 3rd, SAFE, throw by RF made to third
|
|
Batting: SHB Al Newman
|
0-0: Ball 1-0: Called Strike 1-1: Swinging Strike 1-2: Ball 2-2: Grounds into double play, 5-4-3 (Groundball, 15, EV 82.5 MPH) Mike Felder scores
|
|
Batting: RHB Bill Pecota
|
0-0: Called Strike 0-1: Ball 1-1: Ground out 3-1 (Groundball, 34, EV 102.5 MPH)
|
| Top of the 1st over - 1 run, 1 hit, 0 errors, 0 left on base; Amarillo 1 - Shreveport 0 |
| BOTTOM OF THE 1ST |
|
Shreveport Braves batting - Pitching for Amarillo Gold Sox : RHP Stew Cliburn
|
|
Pitching: RHP Stew Cliburn
|
|
|
Batting: LHB Rusty McNealy
|
0-0: Called Strike 0-1: Swinging Strike 0-2: Ball 1-2: Strikes out looking
|
|
Batting: LHB Jim Watkins
|
0-0: Foul Ball, location: 2F 0-1: Ball 1-1: Ball 2-1: Called Strike 2-2: Ball 3-2: Ground out 4-3 (Groundball, 4, EV 100.0 MPH)
|
|
Batting: SHB Sap Randall
|
0-0: Foul Ball, location: 2F 0-1: Fly out, F9 (Flyball, 9LS, EV 71.3 MPH)
|
| Bottom of the 1st over - 0 runs, 0 hits, 0 errors, 0 left on base; Amarillo 1 - Shreveport 0 |
| TOP OF THE 2ND |
|
Amarillo Gold Sox batting - Pitching for Shreveport Braves : RHP Gary Hilton
|
|
Batting: SHB Steve Jeltz
|
0-0: Foul Ball, location: 2F 0-1: Ball 1-1: SINGLE (Line Drive, 89S, EV 93.8 MPH)
|
|
Batting: LHB Derwin McNealy
|
0-0: Called Strike 0-1: Ball 1-1: Called Strike 1-2: Foul Ball, location: 2F 1-2: Ball 2-2: Fly out, F3 (Popup, 3SF, EV 66.9 MPH)
|
|
Batting: RHB Andrew Barbee
|
0-0: Ball 1-0: Called Strike 1-1: Ball 2-1: Called Strike 2-2: Foul Ball, location: 2F 2-2: Strikes out swinging
|
|
Batting: RHB Vic Alvarado
|
0-0: Foul Ball, location: 2F 0-1: Swinging Strike 0-2: Ball 1-2: Ball 2-2: Foul Ball, location: 2F 2-2: Ball 3-2: Ground out 5-3 (Groundball, 5, EV 101.9 MPH)
|
| Top of the 2nd over - 0 runs, 1 hit, 0 errors, 1 left on base; Amarillo 1 - Shreveport 0 |
| BOTTOM OF THE 2ND |
|
Shreveport Braves batting - Pitching for Amarillo Gold Sox : RHP Stew Cliburn
|
|
Batting: RHB Alfonso Gomez
|
0-0: Ball 1-0: SINGLE (Groundball, 4D, EV 99.4 MPH)
|
|
Batting: RHB Scott Ullger
|
0-0: Called Strike 0-1: Called Strike 0-2: Ball 1-2: Ball 2-2: Ball 3-2: 2-RUN HOME RUN (Flyball, 89XD, EV 98.8 MPH), Distance : 417 ft
|
|
Batting: RHB Donald Eagan
|
0-0: Swinging Strike 0-1: Swinging Strike 0-2: Strikes out swinging
|
|
Batting: RHB Les Pearsey
|
0-0: SINGLE (Groundball, 4D, EV 104.4 MPH)
|
|
Batting: RHB Jeff Matthews
|
0-0: Foul Ball, location: 2F 0-1: Swinging Strike 0-2: Ball 1-2: Foul Ball, location: 2F 1-2: Ball 2-2: Grounds into double play, 6-4-3 (Groundball, 6, EV 85.0 MPH)
|
| Bottom of the 2nd over - 2 runs, 3 hits, 0 errors, 0 left on base; Amarillo 1 - Shreveport 2 |
| TOP OF THE 3RD |
|
Amarillo Gold Sox batting - Pitching for Shreveport Braves : RHP Gary Hilton
|
|
Batting: RHB Todd Smith
|
0-0: Ball 1-0: Ball 2-0: Ball 3-0: Called Strike 3-1: Base on Balls
|
|
Batting: SHB Mike Felder
|
0-0: Swinging Strike 0-1: DOUBLE (Groundball, 5L, EV 95.0 MPH) Todd Smith to third Runner from 3rd tries for Home, SAFE, throw by LF to home
|
|
Batting: LHB Hector Arroyo
|
0-0: Called Strike 0-1: Ball 1-1: Called Strike 1-2: Strikes out swinging
|
|
Batting: SHB Al Newman
|
0-0: Called Strike 0-1: Called Strike 0-2: Ground out 6-3 (Groundball, 6M, EV 90.6 MPH) Mike Felder to third
|
|
Batting: RHB Bill Pecota
|
0-0: Ball 1-0: Ball 2-0: Called Strike 2-1: SINGLE (Line Drive, 7S, EV 103.8 MPH) Mike Felder scores
|
|
Batting: SHB Steve Jeltz
|
0-0: Ball 1-0: SINGLE (Groundball, 56, EV 89.4 MPH) (infield hit) Bill Pecota to second
|
|
Batting: LHB Derwin McNealy
|
0-0: Swinging Strike 0-1: Ball 1-1: Swinging Strike 1-2: Strikes out swinging
|
| Top of the 3rd over - 2 runs, 3 hits, 0 errors, 2 left on base; Amarillo 3 - Shreveport 2 |
| BOTTOM OF THE 3RD |
|
Shreveport Braves batting - Pitching for Amarillo Gold Sox : RHP Stew Cliburn
|
|
Batting: LHB Pete Bazan
|
0-0: Ball 1-0: Foul Ball, location: 2F 1-1: Fly out, F6 (Flyball, 56D, EV 82.5 MPH)
|
|
Batting: LHB Rusty McNealy
|
0-0: Foul Ball, location: 2F 0-1: Fly out, F3 (Flyball, 3D, EV 86.3 MPH)
|
|
Batting: LHB Jim Watkins
|
0-0: Called Strike 0-1: Ball 1-1: Swinging Strike 1-2: Foul Ball, location: 2F 1-2: SINGLE (Line Drive, 56D, EV 106.3 MPH)
|
|
Batting: SHB Sap Randall
|
0-0: Ball 1-0: Ball 2-0: Ball Jim Watkins steals 2nd base 3-0: Called Strike 3-1: Fly out, F8 (Flyball, 8LXD, EV 92.5 MPH)
|
| Bottom of the 3rd over - 0 runs, 1 hit, 0 errors, 1 left on base; Amarillo 3 - Shreveport 2 |
| TOP OF THE 4TH |
|
Amarillo Gold Sox batting - Pitching for Shreveport Braves : RHP Gary Hilton
|
|
Batting: RHB Andrew Barbee
|
0-0: Called Strike 0-1: Called Strike 0-2: Strikes out looking
|
|
Batting: RHB Vic Alvarado
|
0-0: Ball 1-0: Foul Ball, location: 2F 1-1: Foul Ball, location: 2F 1-2: Strikes out swinging
|
|
Batting: RHB Todd Smith
|
0-0: Foul Ball, location: 2F 0-1: Ball 1-1: Foul Ball, location: 2F 1-2: Ball 2-2: Foul Ball, location: 2F 2-2: Ball 3-2: Base on Balls
|
|
Batting: SHB Mike Felder
|
0-0: Fly out, F8 (Flyball, 8RM, EV 90.6 MPH)
|
| Top of the 4th over - 0 runs, 0 hits, 0 errors, 1 left on base; Amarillo 3 - Shreveport 2 |
| BOTTOM OF THE 4TH |
|
Shreveport Braves batting - Pitching for Amarillo Gold Sox : RHP Stew Cliburn
|
|
Batting: RHB Alfonso Gomez
|
0-0: Ball 1-0: Ball 2-0: Ball 3-0: Foul Ball, location: 2F 3-1: Base on Balls
|
|
Batting: RHB Scott Ullger
|
0-0: Ball 1-0: Foul Ball, location: 2F 1-1: Ball 2-1: SINGLE (Groundball, 6MD, EV 106.3 MPH) Alfonso Gomez to second Runner from 2nd tries for 3rd, SAFE, throw by CF made to third
|
|
Batting: RHB Donald Eagan
|
0-0: Called Strike 0-1: Swinging Strike 0-2: Strikes out swinging
|
|
Batting: RHB Les Pearsey
|
0-0: Ball 1-0: Swinging Strike 1-1: Foul Ball, location: 2F 1-2: Ball 2-2: Strikes out swinging
|
|
Batting: RHB Jeff Matthews
|
0-0: Ball Scott Ullger steals 2nd base 1-0: Ball 2-0: Called Strike 2-1: Called Strike 2-2: Ground out 4-3 (Groundball, 4, EV 104.4 MPH)
|
| Bottom of the 4th over - 0 runs, 1 hit, 0 errors, 2 left on base; Amarillo 3 - Shreveport 2 |
| TOP OF THE 5TH |
|
Amarillo Gold Sox batting - Pitching for Shreveport Braves : RHP Gary Hilton
|
|
Batting: LHB Hector Arroyo
|
0-0: Ball 1-0: Ball 2-0: Ball 3-0: Called Strike 3-1: Called Strike 3-2: Base on Balls
|
|
Batting: SHB Al Newman
|
0-0: Ball 1-0: Ball Wild Pitch! Hector Arroyo to second 2-0: Fly out, F9 (Flyball, 9, EV 86.9 MPH)
|
|
Batting: RHB Bill Pecota
|
0-0: Ball Hector Arroyo steals 3rd, throwing error, E2 Hector Arroyo scores 1-0: Ball 2-0: SINGLE (Groundball, 56D, EV 101.9 MPH)
|
|
Batting: SHB Steve Jeltz
|
0-0: Ball 1-0: Ball 2-0: Foul Ball, location: 2F 2-1: Foul Ball, location: 2F 2-2: Strikes out swinging
|
|
Batting: LHB Derwin McNealy
|
0-0: Ball 1-0: Foul Ball, location: 2F 1-1: Fly out, F8 (Flyball, 78M, EV 83.1 MPH)
|
| Top of the 5th over - 1 run, 1 hit, 1 error, 1 left on base; Amarillo 4 - Shreveport 2 |
| BOTTOM OF THE 5TH |
|
Shreveport Braves batting - Pitching for Amarillo Gold Sox : RHP Stew Cliburn
|
|
Batting: LHB Pete Bazan
|
0-0: Fly out, F7 (Flyball, 7D, EV 100.6 MPH)
|
|
Batting: LHB Rusty McNealy
|
0-0: Called Strike 0-1: Swinging Strike 0-2: Strikes out swinging, 2-3 out at first.
|
|
Batting: LHB Jim Watkins
|
0-0: Called Strike 0-1: Called Strike 0-2: Strikes out swinging
|
| Bottom of the 5th over - 0 runs, 0 hits, 0 errors, 0 left on base; Amarillo 4 - Shreveport 2 |
| TOP OF THE 6TH |
|
Amarillo Gold Sox batting - Pitching for Shreveport Braves : RHP Gary Hilton
|
|
Batting: RHB Andrew Barbee
|
0-0: Ball 1-0: Called Strike 1-1: Ball 2-1: Foul Ball, location: 2F 2-2: Ball 3-2: Foul Ball, location: 2F 3-2: SINGLE (Line Drive, 9LS, EV 93.8 MPH)
|
|
Batting: RHB Vic Alvarado
|
0-0: Bunt missed! 0-1: Bunted foul 0-2: SINGLE (Line Drive, 78M, EV 98.8 MPH) Andrew Barbee to second
|
|
Batting: RHB Todd Smith
|
0-0: Ground out 6-3 (Groundball, 6MS, EV 88.1 MPH) Andrew Barbee to third Vic Alvarado to second
|
|
Batting: SHB Mike Felder
|
0-0: Intentional Walk
|
|
Batting: LHB Hector Arroyo
|
0-0: Called Strike 0-1: Grounds into fielders choice 6-2 (Groundball, 6, EV 85.0 MPH) Vic Alvarado to third Mike Felder to second
|
|
Batting: SHB Al Newman
|
0-0: Ball 1-0: Ball 2-0: Fielders Choice at 2nd, 5-4 (Groundball, 5L, EV 80.6 MPH)
|
| Top of the 6th over - 0 runs, 2 hits, 0 errors, 3 left on base; Amarillo 4 - Shreveport 2 |
| BOTTOM OF THE 6TH |
|
Shreveport Braves batting - Pitching for Amarillo Gold Sox : RHP Stew Cliburn
|
|
Batting: SHB Sap Randall
|
0-0: Called Strike 0-1: Ground out 5-3 (Groundball, 56, EV 81.3 MPH)
|
|
Batting: RHB Alfonso Gomez
|
0-0: Ball 1-0: Called Strike 1-1: Swinging Strike 1-2: Ball 2-2: Strikes out swinging
|
|
Batting: RHB Scott Ullger
|
0-0: Called Strike 0-1: Ball 1-1: Ball 2-1: Ball 3-1: Foul Ball, location: 2F 3-2: Strikes out swinging
|
| Bottom of the 6th over - 0 runs, 0 hits, 0 errors, 0 left on base; Amarillo 4 - Shreveport 2 |
| TOP OF THE 7TH |
|
Amarillo Gold Sox batting - Pitching for Shreveport Braves : RHP Gary Hilton
|
|
Batting: RHB Bill Pecota
|
0-0: Ball 1-0: Called Strike 1-1: Ball 2-1: Foul Ball, location: 2F 2-2: Foul Ball, location: 2F 2-2: Ball 3-2: Foul Ball, location: 2F 3-2: Foul Ball, location: 2F 3-2: Base on Balls
|
|
Batting: SHB Steve Jeltz
|
0-0: Ball 1-0: Ball 2-0: Ball 3-0: Called Strike 3-1: Grounds into double play, 6-4-3 (Groundball, 6, EV 106.9 MPH)
|
|
Batting: LHB Derwin McNealy
|
0-0: Ball 1-0: Foul Ball, location: 2F 1-1: Ball 2-1: Foul Ball, location: 2F 2-2: Ball 3-2: SINGLE (Groundball, 6D, EV 96.9 MPH)
|
|
Pitching: LHP Stan Hawkins
|
|
|
Batting: RHB Andrew Barbee
|
0-0: Ball Wild Pitch! Derwin McNealy to second 1-0: Ball 2-0: Ball Passed Ball! Derwin McNealy to third 3-0: Called Strike 3-1: Base on Balls
|
|
Batting: RHB Vic Alvarado
|
0-0: Called Strike 0-1: Ball 1-1: Ball Wild Pitch! Derwin McNealy scores Andrew Barbee to second 2-1: Ground out U3 (Groundball, 34S, EV 85.0 MPH)
|
| Top of the 7th over - 1 run, 1 hit, 0 errors, 1 left on base; Amarillo 5 - Shreveport 2 |
| BOTTOM OF THE 7TH |
|
Shreveport Braves batting - Pitching for Amarillo Gold Sox : RHP Stew Cliburn
|
|
Batting: RHB Donald Eagan
|
0-0: Ball 1-0: Called Strike 1-1: Ball 2-1: Foul Ball, location: 2F 2-2: Foul Ball, location: 2F 2-2: Ground out 4-3 (Groundball, 4, EV 78.8 MPH)
|
|
Batting: RHB Les Pearsey
|
0-0: Foul Ball, location: 2F 0-1: Ball 1-1: Ball 2-1: Ball 3-1: Foul Ball, location: 2F 3-2: Ground out 6-3 (Groundball, 56, EV 85.0 MPH)
|
|
Batting: RHB Jeff Matthews
|
0-0: Ball 1-0: Ball 2-0: Fly out, F7 (Line Drive, 7, EV 97.5 MPH)
|
| Bottom of the 7th over - 0 runs, 0 hits, 0 errors, 0 left on base; Amarillo 5 - Shreveport 2 |
| TOP OF THE 8TH |
|
Amarillo Gold Sox batting - Pitching for Shreveport Braves : LHP Stan Hawkins
|
|
Batting: RHB Todd Smith
|
0-0: Called Strike 0-1: Swinging Strike 0-2: Strikes out swinging
|
|
Batting: SHB Mike Felder
|
0-0: Ball 1-0: Ball 2-0: Swinging Strike 2-1: Fly out, F5 (Popup, 5SF, EV 79.4 MPH)
|
|
Batting: LHB Hector Arroyo
|
0-0: Ball 1-0: Ball 2-0: Ball 3-0: Base on Balls
|
|
Batting: SHB Al Newman
|
0-0: Called Strike 0-1: Ground out U3 (Groundball, 34S, EV 83.8 MPH)
|
| Top of the 8th over - 0 runs, 0 hits, 0 errors, 1 left on base; Amarillo 5 - Shreveport 2 |
| BOTTOM OF THE 8TH |
|
Shreveport Braves batting - Pitching for Amarillo Gold Sox : RHP Stew Cliburn
|
|
Pitching: RHP Luis Peralta
|
|
|
Batting: LHB Pete Bazan
|
0-0: Ball 1-0: Called Strike 1-1: Fly out, F8 (Line Drive, 8LM, EV 94.4 MPH)
|
|
Batting: LHB Rusty McNealy
|
0-0: Ball 1-0: SINGLE (Groundball, 34D, EV 91.3 MPH) (infield hit)
|
|
Batting: LHB Jim Watkins
|
0-0: Ball 1-0: Ball 2-0: Called Strike 2-1: SINGLE (Groundball, 4MD, EV 95.6 MPH) Rusty McNealy to second Runner from 2nd tries for 3rd, SAFE, throw by CF made to third
|
|
Batting: SHB Sap Randall
|
0-0: Ball 1-0: Called Strike 1-1: Ball 2-1: Swinging Strike 2-2: Foul Ball, location: 2F 2-2: Ball 3-2: Fly out, F6 (Popup, 6M, EV 71.3 MPH)
|
|
Batting: RHB Alfonso Gomez
|
0-0: Ball 1-0: Ball 2-0: Swinging Strike 2-1: Fly out, F8 (Flyball, 8RM, EV 90.0 MPH)
|
| Bottom of the 8th over - 0 runs, 2 hits, 0 errors, 2 left on base; Amarillo 5 - Shreveport 2 |
| TOP OF THE 9TH |
|
Amarillo Gold Sox batting - Pitching for Shreveport Braves : LHP Stan Hawkins
|
|
Batting: RHB Bill Pecota
|
0-0: Ball 1-0: Ball 2-0: Swinging Strike 2-1: Ball 3-1: Foul Ball, location: 2F 3-2: Foul Ball, location: 2F 3-2: Fly out, F7 (Line Drive, 7, EV 95.0 MPH)
|
|
Batting: SHB Steve Jeltz
|
0-0: Ball 1-0: SINGLE (Groundball, 34S, EV 68.1 MPH) (infield hit)
|
|
Pitching: RHP Philip Costello
|
|
|
Batting: LHB Derwin McNealy
|
0-0: Called Strike 0-1: Ball Steve Jeltz is caught stealing 2nd base 2-6 1-1: Ball 2-1: Foul Ball, location: 2F 2-2: Strikes out looking
|
| Top of the 9th over - 0 runs, 1 hit, 0 errors, 0 left on base; Amarillo 5 - Shreveport 2 |
| BOTTOM OF THE 9TH |
|
Shreveport Braves batting - Pitching for Amarillo Gold Sox : RHP Luis Peralta
|
|
Batting: RHB Scott Ullger
|
0-0: Ball 1-0: Called Strike 1-1: Foul Ball, location: 2F 1-2: Ball 2-2: Strikes out swinging
|
|
Batting: RHB Donald Eagan
|
0-0: Swinging Strike 0-1: Ball 1-1: Foul Ball, location: 2F 1-2: Foul Ball, location: 2F 1-2: Fly out, F8 (Flyball, 89M, EV 94.4 MPH)
|
|
Batting: RHB Les Pearsey
|
0-0: Ball 1-0: Called Strike 1-1: Called Strike 1-2: Fly out, F7 (Flyball, 7, EV 87.5 MPH)
|
| Bottom of the 9th over - 0 runs, 0 hits, 0 errors, 0 left on base; Amarillo 5 - Shreveport 2 |
|